 Dungeon Crawl Stone Soup version 0.21.1-1-g345015fe64 (webtiles) character file.

5228 Holzbalken the Grappler (level 10, -7/102 HPs)
             Began as a Troll Monk on July 16, 2018.
             Was a Priest of Qazlal.
             Mangled by a yak (14 damage)
             ... on level 9 of the Dungeon.
             The game lasted 00:22:13 (7207 turns).

Holzbalken the Grappler (Troll Monk)                Turns: 7207, Time: 00:22:14

Health: -7/102     AC:  6    Str: 24    XL:     10   Next: 35%
Magic:  12/12      EV: 10    Int:  6    God:    Qazlal [***...]
Gold:   459        SH:  4    Dex: 12    Spells: 9/9 levels left

rFire    + . .     SeeInvis .     - Unarmed
rCold    . . .     Gourm    +   (no shield)
rNeg     + . .     Faith    .   a - +0 robe
rPois    .         Spirit   .   (helmet restricted)
rElec    .         Reflect  .   C - +0 cloak
rCorr    .         Harm     .   (gloves unavailable)
MR       .....                  (boots unavailable)
Stlth    +.........             (no amulet)
HPRegen  0.67/turn              g - ring of protection from fire
MPRegen  0.13/turn              i - ring of positive energy

@: no status effects
A: large, unfitting armour, claws 3, fast metabolism 3, gourmand, regeneration
1, shaggy fur 1, tough skin 2
a: Upheaval, Elemental Force, Renounce Religion


You were on level 9 of the Dungeon.
You worshipped Qazlal.
Qazlal was most pleased with you.
You were completely stuffed.

You visited 2 branches of the dungeon, and saw 10 of its levels.

You collected 459 gold pieces.

Inventory:

Armour
 a - a +0 robe (worn)
 C - a +0 cloak (worn)
Jewellery
 g - a ring of protection from fire (left claw)
 i - a ring of positive energy (right claw)
Wands
 B - a wand of random effects (31)
 E - a wand of disintegration (15)
Scrolls
 c - 2 scrolls of enchant weapon
 l - a scroll of teleportation
 r - 3 scrolls of remove curse
 u - a scroll of blinking
 v - 3 scrolls of identify
 x - a scroll of noise {unknown}
 z - 2 scrolls of enchant armour {unknown}
Potions
 d - 3 potions of agility {unknown}
 e - 3 potions of flight
 f - a potion of resistance {unknown}
 h - 3 potions of magic {unknown}
 j - a potion of cancellation {unknown}
 k - a potion of curing {unknown}
 m - 2 potions of ambrosia {unknown}
 n - 3 potions of heal wounds
 o - a potion of berserk rage {unknown}
 p - 3 potions of might {unknown}
 q - 3 potions of haste {unknown}
 s - 3 potions of mutation {unknown}
 t - a potion of lignification {unknown}
 w - 2 potions of degeneration {unknown}
 F - 2 potions of invisibility {unknown}
Books
 y - a book of Frost

   Spells                             Type                      Level
   a - Freeze                         Ice                          1
   b - Throw Frost                    Conjuration/Ice              2
   c - Ozocubu's Armour               Charms/Ice                   3
   d - Throw Icicle                   Conjuration/Ice              4
   e - Summon Ice Beast               Ice/Summoning                4
Comestibles
 b - 16 rations
 A - a chunk of flesh


   Skills:
 + Level 7.3 Fighting
 - Level 2.4 Dodging
 - Level 1.0 Stealth
 * Level 11.9 Unarmed Combat
 - Level 5.0 Invocations


You had 9 spell levels left.
You didn't know any spells.

Dungeon Overview and Level Annotations

Branches:
Dungeon (9/15)             Temple (1/1) D:6
   Lair: D:8-11         Orc: D:9-12

Altars:
Ashenzari
Cheibriados
Dithmenos
Elyvilon
Fedhas
Gozag
Hepliaklqana
Kikubaaqudgha
Makhleb
Nemelex Xobeh
Okawaru
Qazlal
Ru
Sif Muna
Trog
Uskayaw
Vehumet
Wu Jian
Xom
Yredelemnul
Zin
The Shining One


Innate Abilities, Weirdness & Mutations

You are too large for most types of armour.
You have claws for hands.
Your metabolism is lightning-fast.
You like to eat raw meat.
Your natural rate of healing is unusually fast.
You are covered in fur. (AC +1)
You have very tough skin. (AC +2)


Message History

It was a potion of heal wounds.
You feel much better.
The adder zombie bites you but does no damage.
The yak gores you! The yak gores you but does no damage. The yak gores you.
* * * LOW HITPOINT WARNING * * *
The yak completely misses you.
You barely miss the adder zombie.
The adder zombie bites you but does no damage.
The yak gores you.
* * * LOW HITPOINT WARNING * * *
The yak barely misses you. You block the yak's attack.
You scratch the adder zombie.
The adder zombie is lightly damaged.
The yak gores you!
* * * LOW HITPOINT WARNING * * *
You block the adder zombie's attack. The yak gores you.
* * * LOW HITPOINT WARNING * * *
You barely miss the adder zombie.
The adder zombie is lightly damaged.
The yak gores you!
You die...

################.#####
......................##
.>......................
........................
........................
.......................#
.....###...............#
.)...# #......(YYY.....#
))<..# #.......Y@Z.....#
.....# ##########Y.....#
.....# ......# ######
......# # ......# #
......# # ......# #
......# #


You could see 5 yaks and an adder zombie.

Vanquished Creatures
  The ghost of SlightEye the Covert, a novice OpAs of Dithmenos (D:7)
  Joseph (D:9)
  A troll (D:9)
  3 hippogriffs
  4 yaks (D:9)
  Menkaure (D:7)
  A water moccasin (D:7)
  A sky beast (D:5)
  The ghost of Tali the Skirmisher, an amateur MiFi (D:3)
  2 ice beasts
  A phantom (D:4)
  A black bear (D:7)
  A necrophage (D:7)
  4 ogres
  2 centaurs
  2 big kobolds (D:8)
  4 bullfrogs
  A wyvern skeleton (D:6)
  A water moccasin skeleton (D:7)
  A scorpion (D:5)
  5 killer bees (D:8)
  6 howler monkeys
  A bullfrog zombie (D:6)
  A centaur zombie (D:7)
  A crimson imp (D:7)
  3 hounds
  2 orc wizards
  2 bullfrog skeletons
  2 iguanas
  5 worker ants
  2 hound skeletons
  A gnoll (D:3)
  8 adders
  3 oozes
  3 adder skeletons
  5 worms
  A dart slug (D:2)
  6 leopard geckos
  20 orcs
  A ball python (D:6)
  9 bats
  5 giant cockroaches
  14 goblins
  11 hobgoblins
  11 jackals
  13 kobolds
  2 quokkas
  7 frilled lizards
  6 rats
190 creatures vanquished.

Vanquished Creatures (others)
  7 toadstools (D:1)
7 creatures vanquished.

Grand Total: 197 creatures vanquished

Notes
Turn   | Place    | Note
-------+----------+-------------------------------------------
     0 | D:1      | Holzbalken the Troll Monk began the quest for the Orb.
     0 | D:1      | Reached XP level 1. HP: 22/22 MP: 0/0
   302 | D:1      | Reached XP level 2. HP: 29/29 MP: 1/1
   895 | D:2      | Reached XP level 3. HP: 36/36 MP: 2/2
   901 | D:2      | Reached skill level 4 in Unarmed Combat
  1321 | D:2      | Reached XP level 4. HP: 43/45 MP: 3/3
  1646 | D:3      | Noticed Tali's ghost (amateur MiFi)
  1742 | D:3      | Killed Tali's ghost
  1742 | D:3      | Reached skill level 5 in Unarmed Combat
  1742 | D:3      | Reached XP level 5. HP: 12/53 MP: 4/4
  1940 | D:3      | Found a sparkling altar of Nemelex Xobeh.
  1948 | D:3      | Found an ancient bone altar of Kikubaaqudgha.
  1953 | D:3      | Found a shattered altar of Ashenzari.
  1960 | D:3      | Found a shadowy altar of Dithmenos.
  1970 | D:3      | Found an ornate altar of the Wu Jian Council.
  1977 | D:3      | Found a white marble altar of Elyvilon.
  1982 | D:3      | Found a snail-covered altar of Cheibriados.
  2315 | D:3      | Found an iron altar of Okawaru.
  2869 | D:4      | Reached XP level 6. HP: 56/62 MP: 5/5
  2915 | D:4      | Reached skill level 6 in Unarmed Combat
  3208 | D:4      | Reached XP level 7. HP: 44/70 MP: 6/6
  3502 | D:4      | Reached skill level 7 in Unarmed Combat
  3532 | D:5      | Entered Level 5 of the Dungeon
  3548 | D:5      | Found a sacrificial altar of Ru.
  3630 | D:5      | Found a shadowy altar of Dithmenos.
  3977 | D:5      | Reached skill level 8 in Unarmed Combat
  4370 | D:6      | Reached skill level 5 in Fighting
  4370 | D:6      | Reached XP level 8. HP: 80/80 MP: 7/7
  5038 | D:6      | Found a staircase to the Ecumenical Temple.
  5044 | Temple   | Entered the Ecumenical Temple
  5055 | Temple   | Became a worshipper of Qazlal Stormbringer
  5055 | Temple   | Reached * piety under Qazlal
  5055 | Temple   | Reached ** piety under Qazlal
  5158 | D:7      | Reached skill level 9 in Unarmed Combat
  5177 | D:7      | Reached skill level 1 in Invocations
  5188 | D:7      | Noticed Menkaure
  5201 | D:7      | Killed Menkaure
  5256 | D:7      | Noticed SlightEye's ghost (novice OpAs)
  5323 | D:7      | Killed SlightEye's ghost
  5323 | D:7      | Reached XP level 9. HP: 89/89 MP: 8/10
  5411 | D:7      | Reached skill level 10 in Unarmed Combat
  5930 | D:8      | Reached skill level 5 in Invocations
  5989 | D:8      | Got a polished dagger
  5990 | D:8      | Identified the +9 dagger of Somewhere Else {freeze, +Blink rPois rC- MR+} (You found it on level 8 of the Dungeon)
  6043 | D:8      | Reached *** piety under Qazlal
  6093 | D:8      | Found a hide-covered altar of Uskayaw.
  6109 | D:8      | Reached skill level 11 in Unarmed Combat
  6546 | D:8      | Reached XP level 10. HP: 100/100 MP: 12/12
  6896 | D:8      | Found a bloodstained altar of Trog.
  7190 | D:9      | Noticed Joseph
  7203 | D:9      | Killed Joseph
  7207 | D:9      | Mangled by a yak

Skill      XL: |  1  2  3  4  5  6  7  8  9 10 |
---------------+-------------------------------+-----
Unarmed Combat | 4 5 6 8 9 11 | 11.9
Fighting       | 3 4 5 6 7 |  7.3
Invocations    | 3 5 |  5.0
Dodging        | |  2.4
Stealth        | |  1.0

Action                   |  1- 3 |  4- 6 |  7- 9 | 10-12 || total
-------------------------+-------+-------+-------+-------++-------
Melee: Unarmed           |   117 |   152 |   228 |    52 ||   549
       Punch             |     1 |     1 |    13 |     3 ||    18
  Use: Scroll            |       |     5 |     2 |       ||     7
       Potion            |       |       |       |     1 ||     1
 Stab: Sleeping          |     2 |     1 |     4 |       ||     7
  Eat: Chunk             |    18 |    16 |    29 |     8 ||    71
Armor: Robe              |    69 |    42 |    61 |    12 ||   184
Dodge: Dodged            |    62 |    95 |    97 |    24 ||   278
Block: Other             |       |       |    22 |    11 ||    33
